 Dungeon Crawl Stone Soup version 0.19.0-16-g73b5abf (webtiles) character file.

47 Patchouli the Magician (level 3, 0/20 HPs)
             Began as a Deep Elf Ice Elementalist on Nov 11, 2016.
             Slain by Natasha (1 damage)
             ... on level 3 of the Dungeon.
             The game lasted 00:04:56 (670 turns).

Patchouli the Magician (Deep Elf Ice Elementalist)   Turns: 670, Time: 00:04:56

Health: 0/20       AC:  8    Str:  5    XL:     3   Next: 48%
Magic:  5/10       EV: 13    Int: 20    God:
Gold:   61         SH:  0    Dex: 15    Spells: 3 memorised, 4 levels left

rFire  . . .     SeeInvis .     s - -3 short sword (curse)
rCold  . . .     Gourm    .     a - +0 robe
rNeg   + . .     Faith    .     (no shield)
rPois  .         Spirit   .     (no helmet)
rElec  .         Reflect  .     (no cloak)
rCorr  .         Harm     .     (no gloves)
MR     .....                    k - +0 pair of boots
Stlth  ++........               (no amulet)
                                (no ring)
                                l - ring of positive energy

@: icy armour, slowed, very slow
A: no striking features
a: no special abilities


You were on level 3 of the Dungeon.
You were not hungry.

You visited 1 branch of the dungeon, and saw 3 of its levels.

You collected 61 gold pieces.

Inventory:

Hand Weapons
 e - a +0 dagger
 f - a +0 hand axe
 s - a cursed -3 short sword (weapon)
Missiles
 q - 8 javelins of penetration (quivered)
Armour
 a - a +0 robe (worn)
 k - a +0 pair of boots (worn)
Jewellery
 l - a ring of positive energy (left hand)
Scrolls
 d - 2 scrolls of enchant armour {unknown}
 i - a scroll of enchant weapon {unknown}
 j - 2 scrolls of identify {unknown}
 m - a scroll of immolation {unknown}
 n - a scroll of fear {unknown}
 t - a scroll of remove curse {unknown}
Books
 b - a book of Frost

   Spells                             Type                      Level
   a - Freeze                         Ice                          1
   b - Throw Frost                    Conjuration/Ice              2
   c - Ozocubu's Armour               Charms/Ice                   3
   d - Throw Icicle                   Conjuration/Ice              4
   e - Summon Ice Beast               Ice/Summoning                4
 o - a book of Cantrips

   Spells                             Type                      Level
   a - Confusing Touch                Hexes                        1
   b - Animate Skeleton               Necromancy                   1
   c - Summon Small Mammal            Summoning                    1
   d - Apportation                    Translocation                1
Comestibles
 c - 2 bread rations
 g - a slice of pizza
 h - 2 meat rations
 p - a chunk of flesh


   Skills:
 + Level 0.7 Fighting
 + Level 2.8 Dodging
 - Level 2.4 Stealth
 * Level 4.2 Spellcasting
 - Level 1.1 Conjurations
 + Level 3.8 Ice Magic


You had 4 spell levels left.
You knew the following spells:

 Your Spells              Type           Power        Failure   Level  Hunger
a - Freeze                Ice            ###.         2%          1    None
b - Throw Frost           Conj/Ice       ##....       10%         2    #......
c - Ozocubu's Armour      Chrm/Ice       ##......     21%         3    ###....


Dungeon Overview and Level Annotations

Branches:
Dungeon (3/15)

Altars:

Annotations:
D:3 Natasha


Message History

Aim: Natasha (moderately wounded)
You freeze Natasha.
Natasha is severely wounded.
The crimson imp blinks!
Natasha claws you!
Natasha mumbles some strange words.
You feel disoriented. Natasha claws you!
* * * LOW HITPOINT WARNING * * *
It was a potion of cure mutation.
It has a very clean taste.
Natasha barely misses you.
Casting: Freeze
Confirm with . or Enter, or press ? or * to list all spells.
Aiming: Freeze
Press: ? - help, Shift-Dir - straight line, f/p - Natasha
Aim: Natasha (severely wounded)
You freeze Natasha.
Natasha is almost dead.
The shadow imp disappears in a puff of smoke!
Natasha closely misses you.
The crimson imp blinks!
Natasha claws you.
You die...

#.# # #.# .# .# #.# .#
###.### #.### #.# .......
#.#.###.# .......
#....##.##############5......
#...............@h§§........S
.......##...##########.......
#.<#............... .......
##...####...####### .......
##.## ##.## ###.### ### #.#
#.# #.# ##### #.# #.# ##...##
#.# ##.## ##.....## #.#


You could see Natasha.

Vanquished Creatures
  An adder (D:2)
  An ooze (D:1)
  A dart slug (D:1)
  A leopard gecko (D:2)
  A ball python (D:1)
  A giant cockroach (D:2)
  2 goblins (D:1)
  2 hobgoblins
  7 bats
  3 frilled lizards
  6 kobolds
  8 rats
34 creatures vanquished.

Notes
Turn   | Place    | Note
-------+----------+-------------------------------------------
     0 | D:1      | Patchouli the Deep Elf Ice Elementalist began the quest for the Orb.
     0 | D:1      | Reached XP level 1. HP: 10/10 MP: 6/6
   146 | D:1      | Reached XP level 2. HP: 14/15 MP: 2/8
   150 | D:1      | Learned a level 2 spell: Throw Frost
   468 | D:2      | Reached skill level 4 in Spellcasting
   468 | D:2      | Reached XP level 3. HP: 20/20 MP: 5/10
   525 | D:2      | Learned a level 3 spell: Ozocubu's Armour
   616 | D:3      | Noticed Natasha
   668 | D:3      | HP: 1/20 [Natasha (7)]
   670 | D:3      | Slain by Natasha

Skill      XL: |  1  2 |
---------------+-------+-----
Spellcasting   | 4 |  4.2
Fighting       | |  0.7
Dodging        | |  2.8
Stealth        | |  2.4
Conjurations   | |  1.1
Ice Magic      | |  3.8

Action                   || total
-------------------------++-------
Melee: Hand axe          ||    15
       Dagger            ||     5
       Short sword       ||     1
 Cast: Freeze            ||    51
       Ozocubu's Armour  ||     1
  Use: Potion            ||     1
 Stab: Sleeping          ||     4
Armor: Robe              ||    18
Dodge: Dodged            ||    58
